 Dungeon Crawl Stone Soup version 0.30-a0-622-gddc90eaa04 (webtiles) character file.

Game seed: 13497582274033878945

151 Vylera the Magician (level 5, -21/35 HPs)
             Began as a Djinni Fire Elementalist on Jan 11, 2023.
             Killed from afar by Ijyb (22 damage)
             ... with an iceblast
             ... on level 3 of the Dungeon.
             The game lasted 00:05:55 (2040 turns).

Vylera the Magician (Djinni Fire Elementalist)      Turns: 2040, Time: 00:05:55

Health: -21/35     AC:  2    Str:  7    XL:     5   Next: 59%
Gold:   132        EV: 12    Int: 19    God:
                   SH:  0    Dex: 13

rFire   + + .      SeeInvis .    d - +0 short sword
rCold   x . .      Faith    .    (no shield)
rNeg    . . .      Spirit   .    a - +0 robe
rPois   ∞          Reflect  .    (no helmet)
rElec   .          Harm     .    (no cloak)
rCorr   .          Rampage  .    (no gloves)
Will    .....                    (boots unavailable)
Stlth   ++                       (no amulet)
HPRegen 0.25/turn                (no ring)
MPRegen 0.00/turn                (no ring)

@: flying, very slightly contaminated
A: sickness immunity, fire resistance 2, cold vulnerability 1, float, innate
caster, HP casting, extra vitality 1
a: no special abilities


You were on level 3 of the Dungeon.
You visited 1 branch of the dungeon, and saw 3 of its levels.

You collected 132 gold pieces.

Inventory:

Hand Weapons
 d - a +0 short sword (weapon)
Armour
 a - a +0 robe (worn)
Scrolls
 f - a scroll of amnesia {unknown}
 g - a scroll of poison {unknown}
 k - a scroll of torment {unknown}
 l - a scroll of enchant armour {unknown}
 m - a scroll of silence {unknown}
 o - 2 scrolls of summoning {unknown}
 p - a scroll of vulnerability {unknown}
 q - a scroll of identify {unknown}
 r - a scroll of enchant weapon {unknown}
 s - a scroll of immolation {unknown}
Potions
 b - a potion of magic
 c - 2 potions of haste {unknown}
 e - 6 potions of degeneration {unknown}
 h - 4 potions of heal wounds {unknown}
 i - a potion of berserk rage {unknown}
 j - a potion of flight {unknown}
 n - 2 potions of attraction {unknown}


   Skills:
 - Level 2.1 Dodging
 - Level 1.5 Stealth
 * Level 4.5 Spellcasting


You couldn't memorise any spells.
You knew the following spells:

 Your Spells              Type           Power      Damage    Failure   Level
a - Foxfire               Conj/Fire      84%        2x1d8     1%          1
b - Scorch                Fire           42%        2d7       3%          2
c - Kindle Blastsparks    Fire/Tloc/Air  42%        2d13      6%          3
d - Inner Flame           Hex/Fire       21%        N/A       6%          3
e - Flame Wave            Conj/Fire      21%        2d8       21%         4
f - Shock                 Conj/Air       84%        1d8       1%          1
g - Poisonous Vapours     Pois/Air       42%        N/A       3%          2
Your spell library was empty.

Dungeon Overview and Level Annotations

Branches:
Dungeon (3/15)

Altars:

Annotations:
D:3 Ijyb


Innate Abilities, Weirdness & Mutations

You are immune to sickness and miasma.
You are immune to poison.
Your flesh is very heat resistant. (rF++)
You are vulnerable to cold. (rC-)
You float through the air rather than walking.
You learn spells naturally, not from books.
Your magical power is your life essence.
You have superior vitality. (+4 MHP)


Message History

The iceblast engulfs your foxfire! The iceblast engulfs you!
You feel a painful chill!
Casting: Foxfire (safe; 1% risk of failure)
Confirm with . or Enter, or press ? or * to list all spells.
You conjure some foxfire!
Your foxfire dissipates!
The foxfire hits Ijyb.
Ijyb resists.
Ijyb is lightly wounded.
Casting: Foxfire (safe; 1% risk of failure)
Confirm with . or Enter, or press ? or * to list all spells.
You conjure some foxfire!
The foxfire hits Ijyb but does no damage.
Ijyb is lightly wounded.
Ijyb zaps a wand.
The mass of ice explodes!
The iceblast engulfs you!
You feel a painful chill!
* * * LOW HITPOINT WARNING * * *
The iceblast engulfs your foxfire! x2
Casting: Foxfire (safe; 1% risk of failure)
Confirm with . or Enter, or press ? or * to list all spells.
Aiming: Shock (safe; 1% risk of failure)
Press: ? - help, Shift-Dir - straight line, f - Ijyb
Aim: Ijyb, wielding a +0 dagger, wearing a +0 leather armour and carrying a wand of iceblast (6) (lightly wounded, unusually resistant, ally target, 67% to hit)
The zap misses Ijyb.
* * * LOW HITPOINT WARNING * * *
The foxfire hits Ijyb.
Ijyb resists.
Ijyb is lightly wounded.
The foxfire hits Ijyb.
Ijyb resists.
Ijyb is moderately wounded.
The foxfire hits Ijyb.
Ijyb resists.
Ijyb is moderately wounded.
Casting: Shock (safe; 1% risk of failure)
Confirm with . or Enter, or press ? or * to list all spells.
You miscast Foxfire.
You are very lightly contaminated with residual magic.
Nothing appears to happen.
* * * LOW HITPOINT WARNING * * *
Ijyb zaps a wand.
The mass of ice explodes!
The iceblast engulfs you!!
You feel a painful chill!
Ouch! That really hurt!
You die...

##################
#.................
#.################
###.#####
#.......#
#..@§...#
.....?.§§...# ..
.......§....# ....
...!..§.....#
.....###
.....g......#
.........
............#
.........
............#
.........
............#
.........
......†..


You could see Ijyb (resistant).

Vanquished Creatures
  Terence (D:3)
  4 gnolls (D:3)
  4 adders
  2 worms
  A dart slug (D:2)
  4 ball pythons
  2 bats
  3 endoplasms
  4 giant cockroaches
  4 goblins
  2 hobgoblins
  4 jackals (D:2)
  4 kobolds
  A quokka (D:1)
  3 frilled lizards
  A rat (D:1)
44 creatures vanquished.

Vanquished Creatures (others)
  113 foxfires
113 creatures vanquished.

Grand Total: 157 creatures vanquished

Notes
Turn   | Place    | Note
-------+----------+-------------------------------------------
     0 | D:1      | Vylera the Djinni Fire Elementalist began the quest for the
                  | Orb.
     0 | D:1      | Vylera set off with the following spells memorised:
                  | Foxfire, Scorch, Kindle Blastsparks, Inner Flame, Flame
                  | Wave.
     0 | D:1      | Reached XP level 1. HP: 15/15 MP: 0/0
    82 | D:1      | Reached XP level 2. HP: 18/21 MP: 0/0
   395 | D:1      | Reached skill level 3 in Spellcasting
   774 | D:2      | Reached XP level 3. HP: 21/25 MP: 0/0
   774 | D:2      | Learned a level 1 spell: Shock
  1104 | D:2      | Reached XP level 4. HP: 20/31 MP: 0/0
  1596 | D:3      | Noticed Terence
  1602 | D:3      | Killed Terence
  1603 | D:3      | Reached skill level 4 in Spellcasting
  1607 | D:3      | Reached XP level 5. HP: 18/35 MP: 0/0
  1607 | D:3      | Learned a level 2 spell: Poisonous Vapours
  2031 | D:3      | Noticed Ijyb
  2040 | D:3      | Killed from afar by Ijyb

Illustrated notes

Levels and vault maps discovered:
D:1:      dpeg_arrival_stone_temple_mockup, layout_basic
D:2:      layout_loops_cross, kennysheep_donut
D:3:      layout_basic, nicolae_figureground_sparkle, uniq_terence,
          uniq_natasha, uniq_ijyb

Skill      XL: |  1  2  3  4 |
---------------+-------------+-----
Spellcasting   | 3 4 |  4.5
Dodging        | |  2.1
Stealth        | |  1.5

Action                   |  1- 3 |  4- 6 || total
-------------------------+-------+-------++-------
Melee: Short sword       |       |     1 ||     1
 Cast: Foxfire           |    37 |    36 ||    73
       Scorch            |     2 |     1 ||     3
       Shock             |     6 |    18 ||    24
Armor: Robe              |     1 |     1 ||     2
Dodge: Dodged            |     6 |     4 ||    10

Table legend: (Time is in decaauts)
 A = Elapsed time spent in this place.
 B = Non-inter-level travel time spent in this place.
 C = Inter-level travel time spent in this place.
 D = Time resting spent in this place.
 E = Time spent auto-exploring this place.
 F = Levels seen in this place.
 G = Mean time per level.
                   A        B        C        D        E       F      G
               +--------+--------+--------+--------+--------+-----+--------+
         Total |   2040 |   1944 |     96 |    231 |   1437 |   3 |  680.0 |
       Dungeon |   2040 |   1944 |     96 |    231 |   1437 |   3 |  680.0 |
               +--------+--------+--------+--------+--------+-----+--------+

Top non-repeatable levels by time:
     D:2: 1029 daAuts
     D:1: 764 daAuts
     D:3: 246 daAuts
